Map: Pillars of Gold LE

Players

Nice - Winner!

  • Race: Protoss Protoss
  • Spawn Location: 7:00

黑羽快斗 (ButAlways)

  • Race: Protoss Protoss
  • League: Master
  • Spawn Location: 1:00

Event: DreamHack SC2 Masters 2020 Fall

VOD

Have the link to the VOD?

Description

Time

  • Played on: Aug. 30, 2020, 8:41 a.m.
  • Length: 6:06

All games in this series

Show
View Real Time Build Order
Export as new Build Order

Nice Protoss - Winner!

Build Orders: 1 Gate Expand, Proxy Void Ray 

Get SALT Encoding   

  12  0:00  Probe  
  13  0:12  Probe  
  14  0:19  Pylon  
  14  0:24  Probe  
  15  0:38  Probe (Chrono Boost)  
  15  0:42  Gateway  
  16  0:48  Assimilator  
  16  0:49  Probe (Chrono Boost)  
  17  0:53  Probe (Chrono Boost)  
  19  1:04  Probe  
  19  1:16  Probe  
  20  1:26  Nexus  
  20  1:35  Cybernetics Core  
  20  1:41  Assimilator  
  20  1:43  Probe  
  21  1:55  Pylon  
  21  1:56  Probe  
  22  2:08  Probe  
  23  2:10  Adept (Chrono Boost)  
  23  2:12  Warp Gate  
  25  2:20  Probe  
  26  2:29  Shield Battery  
  26  2:31  Stalker (Chrono Boost)  
  26  2:34  Probe  
  29  2:44  Stargate  
  29  2:45  Probe  
  30  2:55  Stalker  
  34  3:07  Shield Battery  
  34  3:10  Shield Battery  
  31  3:16  Probe  
  33  3:23  Void Ray (Chrono Boost)  
  33  3:24  Shield Battery  
  33  3:25  Stalker  
  37  3:43  Shield Battery  
  37  3:50  Shield Battery  
  37  3:54  Shield Battery  
  37  3:56  Void Ray (Chrono Boost)  
  39  4:11  Shield Battery  
  39  4:13  Stalker  
  39  4:30  Void Ray (Chrono Boost)  
  39  4:32  Probe x2  
  44  4:43  Stalker  
  45  5:00  Pylon  
  45  5:09  Void Ray (Chrono Boost)  
  45  5:15  Pylon x2  
  45  5:21  Shield Battery  
  49  5:22  Probe x2  
  49  5:23  Stalker  
  53  5:33  Shield Battery  
Show
View Real Time Build Order
Export as new Build Order

黑羽快斗 Protoss 

Build Orders: Proxy Void Ray 

Get SALT Encoding   

  12  0:00  Probe  
  13  0:12  Probe  
  14  0:17  Pylon  
  14  0:24  Probe  
  15  0:35  Gateway  
  15  0:39  Probe (Chrono Boost)  
  16  0:47  Probe (Chrono Boost)  
  16  0:48  Assimilator  
  17  0:53  Probe (Chrono Boost)  
  17  0:56  Assimilator  
  18  1:05  Probe (Chrono Boost)  
  18  1:11  Gateway  
  19  1:13  Probe (Chrono Boost)  
  20  1:24  Cybernetics Core  
  20  1:27  Probe  
  21  1:36  Pylon  
  21  1:39  Probe  
  23  2:01  Stargate  
  22  2:02  Adept  
  22  2:04  Adept  
  26  2:09  Warp Gate  
  26  2:12  Probe  
  27  2:27  Pylon  
  27  2:38  Void Ray (Chrono Boost)  
  27  2:41  Adept x2  
  35  2:57  Probe  
  35  3:07  Void Ray (Chrono Boost)  
  35  3:16  Pylon  
  39  3:37  Shield Battery  
  39  3:38  Void Ray  
  39  3:40  Shield Battery  
  43  3:51  Pylon  
  43  4:06  Shield Battery  
  41  4:12  Void Ray (Chrono Boost)  
  41  4:14  Shield Battery  
  40  4:28  Adept x2  
  44  4:42  Void Ray  
  38  5:06  Adept x2  
  42  5:19  Pylon  
  42  5:22  Pylon  

Tags
 
Add a new tag
Caveats
  • Supply blocks, unpowered buildings, or Contaminate may cause inaccurate times.
  • Supply counts are checked every 10 seconds.